 Dungeon Sprint DCSS version 0.20.1-1-g8b1a95d (webtiles) character file.

17354 potatolord6000 the Warrior (level 12, -9/133 HPs)
             Began as a Minotaur Fighter on Sept 11, 2017.
             Was an Initiate of Gozag.
             Mangled by an orc knight
             ... wielding a +0 great sword
              (16 damage)
             ... in the Dungeon (Sprint IX: "|||||||||||||||||||||||||||||").
             The game lasted 00:06:43 (2646 turns).

potatolord6000 the Warrior (Minotaur Fighter)       Turns: 2646, Time: 00:06:44

Health: -9/133     AC: 11    Str: 32    XL:     12   Next: 18%
Magic:  11/11      EV: 11    Int:  5    God:    Gozag
Gold:   2521       SH:  0    Dex: 17    Spells: 11/11 levels left

rFire    . . .     SeeInvis .   s - +4 broad axe (elec)
rCold    . . .     Gourm    .   (no shield)
rNeg     . . .     Faith    .   c - +2 leather armour of Anaesthesia {Str+4 Dex+3 Slay+2}
rPois    .         Spirit   .   (helmet restricted)
rElec    .         Reflect  .   n - +0 cloak
rCorr    .         Harm     .   a - +0 pair of gloves
MR       .....     NoTele   +   d - +2 pair of boots {run}
Stlth    +.........             (no amulet)
Regen    0.4/turn               b - +3 ring of strength
MPRegen  0.2/turn               p - +3 ring of dexterity

@: corroded, gold aura, quick
A: retaliatory headbutt, horns 2
a: Potion Petition, Call Merchant, Bribe Branch, Renounce Religion


You were in the Dungeon.
You worshipped Gozag.
Gozag was most pleased with you.
You were completely stuffed.

You visited 1 branch You collected 6633 gold pieces.
You spent 1618 gold pieces at shops.
You paid 2494 gold pieces to Gozag.

Inventory:

Hand Weapons
 s - a +4 broad axe of electrocution (weapon)
Armour
 a - a +0 pair of gloves (worn)
 c - the +2 leather armour of Anaesthesia (worn) {Str+4 Dex+3 Slay+2}
   (You bought it in a shop in the Dungeon)

   It affects your strength (+4).
   It affects your dexterity (+3).
   It affects your accuracy and damage with ranged weapons and melee attacks
   (+2).
 d - a +2 pair of boots of running (worn)
 n - a +0 cloak (worn)
Jewellery
 b - a +3 ring of strength (left hand)
 p - a +3 ring of dexterity (right hand)
Scrolls
 l - 4 scrolls of remove curse
 m - 2 scrolls of amnesia
 r - 3 scrolls of identify
 t - a scroll of recharging
Potions
 i - 4 potions of magic
 j - a potion of berserk rage
 q - a potion of brilliance
Comestibles
 g - 40 fruits
 h - 12 bread rations
 k - 10 meat rations


   Skills:
 + Level 20.2 Fighting
 + Level 20.1 Axes
 + Level 20.2 Armour
   Level 3.6 Shields


You had 11 spell levels left.
You didn't know any spells.

Dungeon Overview and Level Annotations

Branches:
Dungeon (1/1)

Altars:
Cheibriados
Dithmenos
Elyvilon
Fedhas
Gozag
Hepliaklqana
Kikubaaqudgha
Makhleb
Nemelex Xobeh
Okawaru
Qazlal
Ru
Sif Muna
Trog
Uskayaw
Vehumet
Xom
Yredelemnul
Zin
The Shining One
Beogh
Jiyva
Lugonu

Shops:
D :**}(([


Innate Abilities, Weirdness & Mutations

You reflexively headbutt those who attack you in melee.
You have a pair of horns on your head.


Message History

Unknown command.
You slice the orc knight!! You headbutt the orc knight!
The orc knight is severely wounded.
You barely miss the orc knight. You headbutt the orc knight!
The orc knight is severely wounded.
The orc knight hits you but does no damage.
Unknown command.
You closely miss the orc knight. You headbutt the orc knight!
The orc knight is almost dead.
The orc knight hits you with a great sword!
* * * LOW HITPOINT WARNING * * *
Unknown command.
You hit the orc knight.
The orc knight is almost dead.
You hit the orc knight but do no damage.
You headbutt the orc knight, but do no damage.
The orc knight is almost dead.
The orc knight hits you with a great sword!
You die...
Your body crumbles into a pile of gold.

▓▓▓▓▓▓▓▓▓▓▓▓▓▓▓▓▓▓▓
)))$$$∩)∩$∩$∩$$$@o+
▓▓▓▓▓▓▓▓▓▓▓▓▓▓▓▓▓▓▓▓▓▓▓▓▓▓▓▓▓
............................▓
▓▓▓▓▓▓▓▓▓▓▓▓▓▓▓▓▓▓▓▓▓▓▓▓▓▓▓.▓
.'...........!'..[[∩[∩.'....▓
▓▓▓▓▓▓▓▓▓▓▓▓▓▓▓▓▓▓▓▓▓▓▓▓▓▓▓▓▓
............................▓
▓▓▓▓▓▓▓▓▓▓▓▓▓▓▓▓▓▓▓▓▓▓▓▓▓▓▓.▓
_'..|/[.[..(.[...('([∩.[.'..▓


You could see an orc knight.

Vanquished Creatures
  2 catoblepae (D)
  A hydra (D)
  A centaur warrior (D)
  3 death yaks (D)
  7 orc high priests (D)
  An unseen horror (D)
  5 orc knights (D)
  An orc sorcerer (D)
  A black mamba (D)
  A komodo dragon (D)
  2 trolls (D)
  4 hippogriffs (D)
  A wraith (D)
  3 yaks (D)
  A wyvern (D)
  Grum (D)
  4 porcupines (D)
  3 water moccasins (D)
  10 orc warriors (D)
  4 wolves (D)
  A centaur (D)
  2 crocodiles (D)
  A bullfrog (D)
  A scorpion (D)
  A wight (D)
  2 crimson imps (D)
  An orc priest (D)
  7 orc wizards (D)
  2 adders (D)
  2 adder skeletons (D)
  8 orcs (D)
  A goblin (D)
  A hobgoblin (D)
  A ball python (D)
  A kobold (D)
  A rat (D)
89 creatures vanquished.

Vanquished Creatures (others)
  A death yak (D)
1 creature vanquished.

Grand Total: 90 creatures vanquished

Notes
Turn   | Place    | Note
-------+----------+-------------------------------------------
     0 | D        | potatolord6000 the Minotaur Fighter began the quest for the Orb.
     0 | D        | Reached XP level 1. HP: 19/19 MP: 0/0
   188 | D        | Noticed a crimson imp
   188 | D        | Noticed a scorpion
   193 | D        | Reached skill level 5 in Fighting
   193 | D        | Reached XP level 2. HP: 29/29 MP: 1/1
   194 | D        | Reached skill level 5 in Armour
   197 | D        | Killed a scorpion
   197 | D        | Reached skill level 5 in Axes
   197 | D        | Reached XP level 3. HP: 33/38 MP: 2/2
   197 | D        | Reached XP level 4. HP: 39/45 MP: 3/3
   218 | D        | Found a roughly hewn altar of Beogh.
   218 | D        | Found a snail-covered altar of Cheibriados.
   218 | D        | Found a shadowy altar of Dithmenos.
   218 | D        | Found a white marble altar of Elyvilon.
   218 | D        | Found a blossoming altar of Fedhas.
   218 | D        | Found an opulent altar of Gozag.
   219 | D        | Found a hazy altar of Hepliaklqana.
   220 | D        | Found a viscous altar of Jiyva.
   221 | D        | Found an ancient bone altar of Kikubaaqudgha.
   222 | D        | Found a corrupted altar of Lugonu.
   223 | D        | Found a burning altar of Makhleb.
   224 | D        | Found a sparkling altar of Nemelex Xobeh.
   225 | D        | Found an iron altar of Okawaru.
   226 | D        | Became a worshipper of Gozag Ym Sagoz the Greedy
   227 | D        | Found a stormy altar of Qazlal.
   228 | D        | Found a sacrificial altar of Ru.
   229 | D        | Found a deep blue altar of Sif Muna.
   230 | D        | Found a bloodstained altar of Trog.
   231 | D        | Found a hide-covered altar of Uskayaw.
   232 | D        | Found a radiant altar of Vehumet.
   234 | D        | Found a shimmering altar of Xom.
   235 | D        | Found a basalt altar of Yredelemnul.
   236 | D        | Found a glowing silver altar of Zin.
   237 | D        | Found a glowing golden altar of the Shining One.
   285 | D        | Noticed a wraith
   285 | D        | Noticed a hippogriff
   285 | D        | Noticed a centaur
   285 | D        | Noticed an orc warrior
   287 | D        | Reached XP level 5. HP: 53/53 MP: 4/4
   292 | D        | Killed a wraith
   292 | D        | Reached XP level 6. HP: 52/66 MP: 5/5
   296 | D        | Killed a hippogriff
   296 | D        | Reached skill level 10 in Fighting
   296 | D        | Reached skill level 10 in Axes
   296 | D        | Reached skill level 10 in Armour
   302 | D        | Reached XP level 7. HP: 34/74 MP: 6/6
   596 | D        | Noticed a troll
   596 | D        | Noticed a centaur warrior
   596 | D        | Noticed a troll
   604 | D        | Killed a troll
   609 | D        | Killed a centaur warrior
   609 | D        | Reached XP level 8. HP: 44/86 MP: 7/7
   614 | D        | Killed a troll
   625 | D        | Killed an unseen horror
   625 | D        | Reached XP level 9. HP: 45/95 MP: 8/8
   927 | D        | Noticed a seven-headed hydra
   946 | D        | Killed a 13-headed hydra
   946 | D        | Reached skill level 15 in Fighting
   947 | D        | Reached skill level 15 in Armour
   949 | D        | Reached skill level 15 in Axes
   973 | D        | Noticed a black mamba
   976 | D        | Reached XP level 10. HP: 83/107 MP: 9/9
   987 | D        | Killed a black mamba
  1127 | D        | Bought the +2 leather armour of Anaesthesia {Str+4 Dex+3 Slay+2} for 589 gold pieces
  1127 | D        | Bought a +2 pair of boots of running for 581 gold pieces
  1260 | D        | Noticed a death yak
  1260 | D        | Noticed a catoblepas
  1260 | D        | Noticed a death yak
  1260 | D        | Noticed a death yak
  1264 | D        | Noticed a catoblepas
  1266 | D        | Killed a death yak
  1267 | D        | Noticed a death yak
  1272 | D        | Killed a catoblepas
  1283 | D        | Killed a death yak
  1667 | D        | Killed a death yak
  1667 | D        | Reached XP level 11. HP: 66/117 MP: 10/10
  1861 | D        | Killed a catoblepas
  1868 | D        | Killed a death yak
  2211 | D        | Noticed Grum
  2225 | D        | Killed Grum
  2306 | D        | Bought a +4 broad axe of electrocution for 448 gold pieces
  2519 | D        | Noticed an orc sorcerer
  2533 | D        | Killed an orc sorcerer
  2541 | D        | Found Eqaellol's Book Emporium.
  2541 | D        | Noticed an orc high priest
  2541 | D        | Noticed an orc high priest
  2541 | D        | Noticed an orc knight
  2541 | D        | Noticed an orc knight
  2541 | D        | Noticed an orc high priest
  2543 | D        | Noticed an orc knight
  2546 | D        | Killed an orc high priest
  2552 | D        | Killed an orc high priest
  2554 | D        | Killed an orc knight
  2555 | D        | Found Naujuik's Assorted Antiques.
  2555 | D        | Noticed an orc high priest
  2557 | D        | Killed an orc knight
  2558 | D        | Noticed an orc high priest
  2560 | D        | Killed an orc high priest
  2561 | D        | Found Omnixzoik's Assorted Antiques.
  2561 | D        | Noticed an orc high priest
  2567 | D        | Killed an orc knight
  2569 | D        | Killed an orc high priest
  2586 | D        | Killed an orc high priest
  2586 | D        | Reached XP level 12. HP: 79/132 MP: 11/11
  2598 | D        | Killed an orc high priest
  2617 | D        | Found Fynec's Gadget Shoppe.
  2627 | D        | Noticed an orc high priest
  2636 | D        | Killed an orc high priest
  2644 | D        | HP: 6/133 [orc knight/great sword (13)]
  2646 | D        | Mangled by an orc knight

Skill      XL: |  1  2  3  4  5  6  7  8  9 10 11 12 |
---------------+-------------------------------------+-----
Fighting       | 5 6 7 9 11 13 14 15 17 19 20 | 20.2
Axes           | 4 5 7 9 10 13 14 15 17 19 20 | 20.1
Armour         | 4 6 7 9 10 13 14 15 17 19 20 | 20.2
Shields        | |  3.6

Action                   |  1- 3 |  4- 6 |  7- 9 | 10-12 || total
-------------------------+-------+-------+-------+-------++-------
Melee: War axe           |    23 |     6 |       |       ||    29
       Headbutt          |     3 |     6 |    14 |    64 ||    87
       Broad axe         |       |    15 |    52 |   172 ||   239
Invok: Call Merchant     |       |       |     1 |     2 ||     3
       Potion Petition   |       |       |       |     1 ||     1
  Use: Potion            |       |       |     8 |     9 ||    17
       Scroll            |       |       |     3 |     3 ||     6
 Stab: Invisible         |       |       |     4 |     4 ||     8
  Eat: Bread ration      |       |       |     1 |       ||     1
       Meat ration       |       |       |       |     2 ||     2
Armor: Scale mail        |    11 |     1 |       |       ||    12
       Chain mail        |       |    15 |    31 |     1 ||    47
       Leather armour    |       |       |       |    37 ||    37
Dodge: Dodged            |    11 |    12 |    37 |    38 ||    98
